 Dungeon Crawl Stone Soup version 0.29-a0-416-g83a48905f1 (webtiles) character file.

Game seed: 16925990322493957762

95 Bruhh the Insei (level 4, -9/35 HPs)
             Began as a Draconian Transmuter on May 16, 2022.
             Was a Believer of Fedhas.
             Mangled by an iguana (12 damage)
             ... on level 3 of the Dungeon.
             The game lasted 00:02:38 (2801 turns).

Bruhh the Insei (Draconian Transmuter)              Turns: 2801, Time: 00:02:39

Health: -9/35      AC:  2    Str: 12    XL:     4   Next: 39%
Magic:  3/7        EV: 19    Int: 15    God:    Fedhas [**....]
Gold:   203        SH:  0    Dex: 17    Spells: 3/7 levels left

rFire   + . .      SeeInvis .     - Unarmed
rCold   x . .      Faith    .   (shield currently unavailable)
rNeg    . . .      Spirit   .   (body armour unavailable)
rPois   .          Reflect  .   (helmet currently unavailable)
rElec   .          Harm     .   (cloak currently unavailable)
rCorr   .          Rampage  .   (gloves currently unavailable)
Will    .....                   (boots currently unavailable)
Stlth   ++........              (no amulet)
HPRegen 0.11/turn               l - ring of poison resistance
MPRegen 0.10/turn               o - ring of fire

@: spider-form
A: venomous fangs, AC +5, tiny, unfitting armour, (cold-blooded)
a: End Transformation, Renounce Religion, Wall of Briars


You were on level 3 of the Dungeon.
You worshipped Fedhas.
Fedhas was pleased with you.
You were a venomous arachnid creature.
You visited 1 branch of the dungeon, and saw 3 of its levels.

You collected 203 gold pieces.

Inventory:

Missiles
 m - a throwing net
Jewellery
 l - a ring of poison resistance (left front leg)
 o - a ring of fire (right front leg)
Scrolls
 b - a scroll of blinking {unknown}
 c - a scroll of fear {unknown}
 d - 4 scrolls of identify {unknown}
 e - a scroll of enchant armour {unknown}
 h - 2 scrolls of noise {unknown}
 i - a scroll of amnesia {unknown}
 k - a scroll of fog {unknown}
 n - a scroll of poison {unknown}
 p - 3 scrolls of acquirement {unknown}
Potions
 a - a potion of lignification
 f - a potion of might {unknown}
 g - a potion of heal wounds {unknown}
 j - a potion of cancellation {unknown}


   Skills:
 - Level 1.1 Fighting
 - Level 1.7 Dodging
 + Level 4.2 Unarmed Combat
 - Level 2.0 Spellcasting
 + Level 3.5 Transmutations


You had 3 spell levels left.
You knew the following spells:

 Your Spells              Type           Power      Damage    Failure   Level
a - Beastly Appendage     Tmut           24%        N/A       16%         1
b - Spider Form           Tmut/Pois      6%         N/A       54%         3

Your spell library contained the following spells:

 Spells                   Type           Power      Damage    Failure   Level
 Wereblood                Tmut           12%        N/A       21%         2
 Ice Form                 Ice/Tmut       6%         N/A       87%         4


Dungeon Overview and Level Annotations

Branches:
Dungeon (3/15)

Altars:
Fedhas
Trog


Innate Abilities, Weirdness & Mutations

You are a venomous arachnid creature.
You have poisonous fangs.
You are tiny and dextrous.
Your spellcasting is less reliable in this form.
Your armour is entirely melded.
You are incapable of wielding weapons or throwing items.
((Your plain brown scales are hard. (AC +5)))
You cannot fit into any form of body armour.
((You are cold-blooded and may be slowed by cold attacks.))


Message History

The iguana hisses angrily.
An iguana is nearby!
You grow a pair of large bovine horns.
Your feet morph into talons.
You hit the iguana. Your headbutt misses the iguana.
The iguana is lightly wounded.
The iguana bites you.
You hit the iguana. Your kick misses the iguana.
Your headbutt misses the iguana.
You tail-slap the iguana, but do no damage.
The iguana is heavily wounded.
The iguana barely misses you.
You hit the iguana. Your headbutt misses the iguana.
The iguana is heavily wounded.
The iguana bites you!
You hit the iguana but do no damage. Your kick misses the iguana.
You tail-slap the iguana, but do no damage.
The iguana is heavily wounded.
Your transformation is almost over.
The iguana bites you!
You are too injured to fight recklessly!
You are too injured to fight recklessly!
Casting: Beastly Appendage (safe; 5% risk of failure)
Confirm with . or Enter, or press ? or * to list all spells.
The spell is quite dangerous to miscast (32% risk of failure)!
Continue anyway?
Your horns disappear.
Your talons disappear.
You turn into a venomous arachnid creature.
The iguana misses you.
Unknown command.
You barely miss the iguana.
The iguana is heavily wounded.
The iguana bites you!
* * * LOW HITPOINT WARNING * * *
You hit the iguana but do no damage.
The iguana is poisoned.
The iguana is heavily wounded.
The iguana barely misses you.
You hit the iguana.
The iguana looks as sick as possible!
The iguana is severely wounded.
The iguana bites you!
You die...
Fedhas appreciates your contribution to the ecosystem.

.
#.......#.####.####.####.#.####
. #.......#.#....####.## #.#.#
# #.......#.#.#........###.#.#
# #.......#.# #.####.....#.#.#
#####...... #.####.....#.#.#
####... #.......>......#
#.####.....#.###
#.####.....#.######
#ls...............#
.......####.<...########
....... #............> .......
#.....##...... ....##.
#.....##...... .... #.
##.#####...... ... .. #.#
#...... ## ## #.# #...... #.#
#......


You could see an iguana (extremely poisoned).

Vanquished Creatures
  3 adders
  A dart slug (D:1)
  11 ball pythons
  5 bats
  6 endoplasms
  3 giant cockroaches
  7 goblins
  11 hobgoblins
  4 kobolds
  3 quokkas
  5 rats
59 creatures vanquished.

Vanquished Creatures (others)
  8 plants (D:2)
8 creatures vanquished.

Grand Total: 67 creatures vanquished

Notes
Turn   | Place    | Note
-------+----------+-------------------------------------------
     0 | D:1      | Bruhh the Draconian Transmuter began the quest for the Orb.
     0 | D:1      | Reached XP level 1. HP: 16/16 MP: 3/3
   178 | D:1      | Reached XP level 2. HP: 23/23 MP: 3/5
   322 | D:1      | Found a faded altar of an unknown god.
   406 | D:1      | Prayed at the altar of an unknown god.
   406 | D:1      | Became a worshipper of Fedhas Madash
   406 | D:1      | Reached * piety under Fedhas
  1236 | D:2      | Reached XP level 3. HP: 28/28 MP: 6/6
  1297 | D:2      | Learned a level 3 spell: Spider Form
  1454 | D:2      | Reached ** piety under Fedhas
  1725 | D:2      | Reached skill level 4 in Unarmed Combat
  2294 | D:3      | Reached XP level 4. HP: 34/35 MP: 5/7
  2441 | D:3      | Found a bloodstained altar of Trog.
  2801 | D:3      | Mangled by an iguana

Illustrated notes

Levels and vault maps discovered:
D:1:      dpeg_arrival_arbitrary_a, layout_loops_ring,
          hellmonk_ecumenical_altar_inner_sanctum
D:2:      layout_basic, serial_bayou_pond_a, serial_bayou_ford_a, chequers_jeans
D:3:      layout_basic, trog_hazing_becter, feat_on_display

Skill      XL: |  1  2  3 |
---------------+----------+-----
Transmutations | 3 |  3.5
Unarmed Combat | 4 |  4.2
Fighting       | |  1.1
Dodging        | |  1.7
Spellcasting   | |  2.0

Action                   |  1- 3 |  4- 6 || total
-------------------------+-------+-------++-------
Melee: Unarmed           |    99 |    36 ||   135
       Kick              |    18 |     4 ||    22
       Tailslap          |     7 |     4 ||    11
       Headbutt          |    15 |     1 ||    16
       Punch             |     1 |       ||     1
 Cast: Beastly Appendage |    30 |     7 ||    37
       Spider Form       |       |     2 ||     2
Armor: Skin              |    40 |     5 ||    45
Dodge: Dodged            |    63 |    19 ||    82

Table legend: (Time is in decaauts)
 A = Elapsed time spent in this place.
 B = Non-inter-level travel time spent in this place.
 C = Inter-level travel time spent in this place.
 D = Time resting spent in this place.
 E = Time spent auto-exploring this place.
 F = Levels seen in this place.
 G = Mean time per level.
                   A        B        C        D        E       F      G
               +--------+--------+--------+--------+--------+-----+--------+
         Total |   2796 |   2727 |     69 |      0 |   2319 |   3 |  932.0 |
       Dungeon |   2796 |   2727 |     69 |      0 |   2319 |   3 |  932.0 |
               +--------+--------+--------+--------+--------+-----+--------+

Top non-repeatable levels by time:
     D:2: 1047 daAuts
     D:1: 1032 daAuts
     D:3: 716 daAuts
